AoeStats
← dario.calabrese

Four Lakes

509431160Analyzed
1v1 RM · 5d ago on Sep 26, 2026· 24m 13s· 2 players
Game mode
Random Map
Map size
Tiny (2 player)
Population
200
Speed
Normal
Resources
Standard
Victory
Conquest
Starting age
Dark Age
Ending age
Imperial Age
RankedLock teamsTeams togetherTeam positionsShared explorationLock speedFull tech treeHidden civsTurbo modeCheats
Victory
Defeat
🇮🇹 Huns · Italy
1024
+15
🇨🇴 Vikings · Colombia
1003
-15
RAOV
6:56 Loom
7:01 Loom
11:56 Feudal Age
12:04 Man-at-Arms
dario.calabrese
9:47 Loom
12:58 Feudal Age
14:12 Double-Bit Axe
20:49 Scale Barding Armor
20:56 Forging
21:21 Bloodlines
Connection lost

Rejoining the realm…

Still unreachable

The connection could not be restored.

Session expired

The server has moved on; the page needs a fresh start.